 Dungeon Crawl Stone Soup version 0.26.0-41-g79a4fc7684 (webtiles) character file.

Game seed: 11879854947036944257

3331 canine the Nimble (level 10, -2/80 HPs)
             Began as a Gnoll Monk on Jan 26, 2021.
             Was a Believer of Nemelex Xobeh.
             Slain by an orc knight
             ... wielding a +0 halberd
              (35 damage)
             ... in a bailey.
             The game lasted 00:13:42 (9136 turns).

canine the Nimble (Gnoll Monk)                      Turns: 9136, Time: 00:13:42

Health: -2/80      AC: 10    Str: 17    XL:     10   Next: 2%
Magic:  17/17      EV: 15    Int: 12    God:    Nemelex Xobeh [**....]
Gold:   351        SH:  0    Dex: 18    Spells: 18/18 levels left

rFire    . . .     SeeInvis .   a - +3 morningstar (freeze)
rCold    + . .     Faith    +   (no shield)
rNeg     + . .     Spirit   .   p - +0 scale mail
rPois    .         Reflect  .   t - +2 helmet
rElec    .         Harm     .   (no cloak)
rCorr    .         Rampage  .   (no gloves)
Will     .....                  (no boots)
Stlth    ++........             n - amulet of faith
HPRegen  0.23/turn              q - ring of positive energy
MPRegen  0.15/turn              B - ring of protection from cold

@: berserk cooldown, slowed, very slow
A: distributed training, fangs 1, strong nose
a: Renounce Religion, Draw Escape, Draw Destruction, Draw Summoning


You were in a bailey.
You worshipped Nemelex Xobeh.
Nemelex Xobeh was pleased with you.
You visited 2 branches of the dungeon, and saw 8 of its levels.
You also visited: Ossuary and Bailey.

You collected 495 gold pieces.
You spent 144 gold pieces at shops.

Inventory:

Hand Weapons
 a - a +3 morningstar of freezing (weapon)
 b - the +1 trident of the Witching Coward {vorpal, Int+4}
   (You bought it in a shop on level 4 of the Dungeon)

   It inflicts extra damage upon your enemies.
   It affects your intelligence (+4).
Missiles
 y - 6 silver javelins (quivered)
 F - 7 poisoned darts
Armour
 p - a +0 scale mail (worn)
 t - a +2 helmet (worn)
Jewellery
 n - an amulet of faith (around neck)
 q - a ring of positive energy (left hand)
 z - an uncursed ring of flight
 B - a ring of protection from cold (right hand)
 C - a +6 ring of intelligence {unknown}
Wands
 d - a wand of polymorph (7)
 r - a wand of iceblast (5)
 u - a wand of flame (11)
 v - a wand of random effects (15)
Scrolls
 e - 3 scrolls of blinking
 h - 3 scrolls of immolation
 k - 2 scrolls of magic mapping
 s - 3 scrolls of remove curse
 w - 3 scrolls of teleportation
 A - 2 scrolls of enchant weapon
Potions
 c - a potion of might
 g - a potion of heal wounds {unknown}
 i - a potion of haste
 j - 2 potions of invisibility
 l - 2 potions of lignification
 m - 6 potions of curing
 o - 2 potions of brilliance
 x - a potion of attraction {unknown}
 D - 3 potions of mutation
 E - a potion of magic {unknown}
 G - a potion of flight {unknown}


   Skills:
 + Level 8.2 Fighting
 + Level 4.8 Short Blades
 + Level 4.8 Long Blades
 + Level 4.8 Axes
 + Level 8.2 Maces & Flails
 + Level 4.8 Polearms
 + Level 4.8 Staves
 + Level 4.8 Slings
 + Level 4.8 Bows
 + Level 4.8 Crossbows
 + Level 4.8 Throwing
 + Level 4.8 Armour
 + Level 8.2 Dodging
 + Level 6.4 Stealth
 + Level 4.8 Shields
 + Level 4.8 Unarmed Combat
 + Level 4.8 Spellcasting
 + Level 4.0 Conjurations
 + Level 4.0 Hexes
 + Level 4.0 Summonings
 + Level 4.0 Necromancy
 + Level 4.0 Translocations
 + Level 4.0 Transmutations
 + Level 4.0 Fire Magic
 + Level 4.0 Ice Magic
 + Level 4.0 Air Magic
 + Level 4.0 Earth Magic
 + Level 4.0 Poison Magic
 + Level 5.3 Invocations
 + Level 4.8 Evocations


You had 18 spell levels left.
You didn't know any spells.
Your spell library was empty.

Dungeon Overview and Level Annotations

Branches:
Dungeon (7/15)             Temple (1/1) D:6         Ossuary (visited)
 Bailey (1/1)

Altars:
Ashenzari
Cheibriados
Dithmenos
Elyvilon
Fedhas
Gozag
Hepliaklqana
Kikubaaqudgha
Makhleb
Nemelex Xobeh
Okawaru
Qazlal
Ru
Sif Muna
Trog
Uskayaw
Vehumet
Wu Jian
Xom
Yredelemnul
Zin
The Shining One

Shops:
D:4 (   D:6 *

Portals:
Abyss: D:3

Annotations:
D:3 2 transporters, Figureslego113's ghost, amateur SpBr


Innate Abilities, Weirdness & Mutations

Your experience applies equally to all skills.
You have very sharp teeth.
Your uncanny sense of smell can sniff out nearby items.


Message History

The orc knight is heavily wounded.
You are no longer berserk.
You are exhausted.
You feel yourself slow down. The orc knight misses you.
You completely miss the orc knight. Your bite misses the orc knight.
The orc knight is heavily wounded.
The orc knight hits you with a +0 halberd!
* * * LOW HITPOINT WARNING * * *
You hit the orc knight but do no damage.
The orc knight is heavily wounded.
The orc knight roars a battlecry!
The orc knight goes into a battle-frenzy!
The orc knight hits you with a +0 halberd!
* * * LOW HITPOINT WARNING * * *
You sock the orc knight! You punch the orc knight. You bite the orc knight.
The orc knight is severely wounded.
The orc knight closely misses you.
The orc knight hits you with a +0 halberd!!
You die...
Your body disappears without a glow.

...≈≈..## ##..≈≈..........#
≈≈≈≈..##.∩.##..≈≈≈≈≈≈≈≈≈≈.#
.....## ....##..........≈.#
#########+###'#########.≈.#
........## ∆∆∆ ##.≈.#
≈≈≈≈≈≈§..## ∆ ##..≈.#
≈....o≈≈..## ##..≈≈.#
..⌠∩⌠oo≈≈..#'#..≈≈.∩#
...⌠.oo§≈.@#'#..≈≈.##
≈.§...≈≈..o#.##..≈≈.# ∆
≈≈≈≈≈≈§..##...##..≈.# $∆
..§.....##.....##.≈.# #
##'#############.≈.# ##
##.)))).....≈.#
≈#######∆∆∆##))≈≈≈≈≈≈≈≈≈≈.#
..##...## ##..≈≈..........#
.##..≈..###).≈≈..##########


You could see 2 orc knights and 4 orc warriors.

Vanquished Creatures
  A wraith (Ossuary)
  Sigmund (D:5)
  Eustachio (D:4)
  Duvessa (D:6)
  An orc warrior (Bailey)
  A hornet zombie (D:6)
  5 necrophages (D:6)
  A phantom (D:5)
  An ice beast (D:7)
  An ogre (D:4)
  A black bear (D:6)
  2 centaurs (D:6)
  3 bullfrogs
  Dowan (D:6)
  A scorpion (D:5)
  3 wights
  5 howler monkeys
  A bullfrog zombie (D:6)
  2 centaur zombies (D:6)
  A jelly (D:7)
  A gnoll shaman (D:6)
  A human zombie (Ossuary)
  2 bullfrog skeletons (D:6)
  2 orc priests
  2 hounds
  Ijyb (D:3)
  Natasha (D:3)
  2 iguanas
  2 orc wizards (D:5)
  2 worker ants (D:5)
  A killer bee zombie (D:6)
  A big kobold zombie (Ossuary)
  A hound zombie (D:6)
  3 mummies (Ossuary)
  7 worker ant zombies
  Robin (D:3)
  8 gnolls
  5 adders
  2 oozes
  2 adder zombies (D:5)
  2 adder skeletons
  4 worms
  2 dart slugs
  2 leopard geckos
  33 orcs
  2 giant cockroaches
  13 goblins
  7 hobgoblins
  4 jackals (D:1)
  6 kobolds
  4 quokkas
  A ball python zombie (D:6)
  5 bats
  5 frilled lizards
  3 goblin zombies (Ossuary)
  A hobgoblin zombie (Ossuary)
  A jackal zombie (D:2)
  5 kobold zombies (Ossuary)
  A leopard gecko skeleton (D:6)
  A quokka skeleton (D:6)
  7 rats
  2 bushes (D:6)
192 creatures vanquished.

Vanquished Creatures (others)
  11 plants (D:6)
  3 withered plants (D:6)
14 creatures vanquished.

Grand Total: 206 creatures vanquished

Notes
Turn   | Place    | Note
-------+----------+-------------------------------------------
     0 | D:1      | canine the Gnoll Monk began the quest for the Orb.
     0 | D:1      | Reached XP level 1. HP: 23/23 MP: 1/1
   201 | D:1      | Reached XP level 2. HP: 26/29 MP: 2/2
   951 | D:1      | Reached XP level 3. HP: 35/35 MP: 3/3
  1428 | D:2      | Found a basalt altar of Yredelemnul.
  1468 | D:2      | Reached skill level 1 in Invocations
  1735 | D:2      | Reached skill level 1 in Short Blades
  1735 | D:2      | Reached skill level 1 in Long Blades
  1735 | D:2      | Reached skill level 1 in Axes
  1735 | D:2      | Reached skill level 1 in Polearms
  1735 | D:2      | Reached skill level 1 in Staves
  1735 | D:2      | Reached skill level 1 in Slings
  1735 | D:2      | Reached skill level 1 in Bows
  1735 | D:2      | Reached skill level 1 in Crossbows
  1735 | D:2      | Reached skill level 1 in Throwing
  1735 | D:2      | Reached skill level 1 in Armour
  1735 | D:2      | Reached skill level 1 in Shields
  1735 | D:2      | Reached skill level 1 in Unarmed Combat
  1735 | D:2      | Reached skill level 1 in Spellcasting
  1735 | D:2      | Reached skill level 1 in Evocations
  1862 | D:3      | Noticed Robin
  1909 | D:2      | Reached XP level 4. HP: 12/41 MP: 5/5
  2508 | D:3      | Killed Robin
  2584 | D:3      | Found a transporter.
  2584 | D:3      | Noticed a toenail golem
  2584 | D:3      | Noticed a small abomination
  2591 | D:3      | Noticed Figureslego113's ghost (amateur SpBr)
  2662 | D:3      | Reached skill level 1 in Conjurations
  2662 | D:3      | Reached skill level 1 in Hexes
  2662 | D:3      | Reached skill level 1 in Summonings
  2662 | D:3      | Reached skill level 1 in Necromancy
  2662 | D:3      | Reached skill level 1 in Translocations
  2662 | D:3      | Reached skill level 1 in Transmutations
  2662 | D:3      | Reached skill level 1 in Fire Magic
  2662 | D:3      | Reached skill level 1 in Ice Magic
  2662 | D:3      | Reached skill level 1 in Air Magic
  2662 | D:3      | Reached skill level 1 in Earth Magic
  2662 | D:3      | Reached skill level 1 in Poison Magic
  2710 | D:3      | Reached XP level 5. HP: 39/47 MP: 6/6
  2737 | D:3      | Noticed Ijyb
  2775 | D:3      | Killed Ijyb
  2883 | D:3      | Found a transporter.
  2886 | D:3      | Found a hazy altar of Hepliaklqana.
  2887 | D:3      | Found a snail-covered altar of Cheibriados.
  2920 | D:3      | Found a one-way gate to the infinite horrors of the Abyss.
  3081 | D:4      | Noticed Natasha
  3098 | D:3      | Killed Natasha
  3590 | D:4      | Found Kuxkogg's Antique Weapon Shoppe.
  3615 | D:4      | Bought a scorched trident for 144 gold pieces
  3615 | D:4      | Identified the cursed +1 trident of the Witching Coward
                  | {vorpal, Int+4} (You bought it in a shop on level 4 of the
                  | Dungeon)
  3725 | D:4      | Reached XP level 6. HP: 53/53 MP: 8/8
  3787 | D:4      | Found an opulent altar of Gozag.
  3795 | D:4      | Found a glowing silver altar of Zin.
  3851 | D:5      | Entered Level 5 of the Dungeon
  3858 | D:5      | Noticed Eustachio
  4080 | D:4      | Killed Eustachio
  4495 | D:4      | Reached XP level 7. HP: 13/60 MP: 10/10
  5053 | D:5      | Reached skill level 5 in Stealth
  5192 | D:5      | Noticed Sigmund
  5205 | D:5      | Killed Sigmund
  5290 | D:5      | Reached XP level 8. HP: 52/67 MP: 12/12
  5836 | D:6      | Found Ganoimno's Assorted Antiques.
  6256 | D:6      | Found a shadowy altar of Dithmenos.
  6286 | D:6      | Found a sparkling altar of Nemelex Xobeh.
  6357 | D:6      | Found a blossoming altar of Fedhas.
  6791 | D:6      | Reached XP level 9. HP: 64/72 MP: 14/14
  7310 | D:6      | Noticed Duvessa
  7313 | D:6      | Noticed Dowan
  7419 | D:6      | Killed Duvessa
  7424 | D:6      | Killed Dowan
  7781 | D:6      | Found a staircase to the Ecumenical Temple.
  7899 | Temple   | Entered the Ecumenical Temple
  8083 | D:6      | Became a worshipper of Nemelex Xobeh the Trickster
  8083 | D:6      | Reached * piety under Nemelex Xobeh
  8083 | D:6      | Received a gift from Nemelex Xobeh
  8083 | D:6      | Reached ** piety under Nemelex Xobeh
  8198 | D:6      | Reached skill level 5 in Invocations
  8325 | D:7      | Found a sand-covered staircase.
  8331 | Ossuary  | Entered an ossuary
  8659 | D:7      | Found a flagged portal.
  8680 | Bailey   | Entered a bailey
  8743 | Bailey   | Noticed an orc knight
  8784 | Bailey   | Reached XP level 10. HP: 21/80 MP: 17/17
  9122 | Bailey   | Noticed an orc knight
  9136 | Bailey   | Slain by an orc knight

Illustrated notes

Levels and vault maps discovered:
D:1:      dpeg_arrival_rooms_b, layout_loops_corners, feat_on_display
D:2:      layout_rooms, overflow_temple_1_default
D:3:      layout_rooms, gammafunk_temple_overflow_statue,
          gammafunk_ghost_abyssal_escape, uniq_ijyb, uniq_robin
D:4:      layout_rooms, zin_statuary, kennysheep_mini, serial_shops,
          nicolae_shop_trees, uniq_natasha
D:5:      layout_gridville, uniq_eustachio, uniq_sigmund
D:6:      layout_basic, fedhas_altar_decomposition, nemelex_altar_shiori,
          minmay_temple_entry_nine_rooms, serial_shops, shop, serial_undead,
          serial_undead_c, serial_undead_b, serial_undead_a, serial_undead_d,
          serial_undead_b, grunt_dithmenos_smoke, uniq_duvessa
D:7:      layout_basic, nicolae_ossuary_entry_plus, enter_bailey_5
Temple:   regret_index_temple_waves
Bailey:   bailey_polearm_1, bailey

Skill      XL: |  1  2  3  4  5  6  7  8  9 |
---------------+----------------------------+-----
Invocations    | 1 2 3 4 5 |  5.3
Short Blades   | 1 2 3 4 |  4.8
Long Blades    | 1 2 3 4 |  4.8
Axes           | 1 2 3 4 |  4.8
Polearms       | 1 2 3 4 |  4.8
Staves         | 1 2 3 4 |  4.8
Slings         | 1 2 3 4 |  4.8
Bows           | 1 2 3 4 |  4.8
Crossbows      | 1 2 3 4 |  4.8
Throwing       | 1 2 3 4 |  4.8
Armour         | 1 2 3 4 |  4.8
Shields        | 1 2 3 4 |  4.8
Unarmed Combat | 1 2 3 4 |  4.8
Spellcasting   | 1 2 3 4 |  4.8
Evocations     | 1 2 3 4 |  4.8
Conjurations   | 1 2 3 4 |  4.0
Hexes          | 1 2 3 4 |  4.0
Summonings     | 1 2 3 4 |  4.0
Necromancy     | 1 2 3 4 |  4.0
Translocations | 1 2 3 4 |  4.0
Transmutations | 1 2 3 4 |  4.0
Fire Magic     | 1 2 3 4 |  4.0
Ice Magic      | 1 2 3 4 |  4.0
Air Magic      | 1 2 3 4 |  4.0
Earth Magic    | 1 2 3 4 |  4.0
Poison Magic   | 1 2 3 4 |  4.0
Fighting       | 7 8 |  8.2
Maces & Flails | 7 8 |  8.2
Dodging        | 7 8 |  8.2
Stealth        | 5 6 |  6.4

Action                   |  1- 3 |  4- 6 |  7- 9 | 10-12 || total
-------------------------+-------+-------+-------+-------++-------
Melee: Mace              |   123 |   136 |       |       ||   259
       Bite              |    14 |    27 |    86 |     4 ||   131
       Trident           |       |    54 |   232 |       ||   286
       Punch             |       |     1 |    11 |     2 ||    14
       Unarmed           |       |     6 |     2 |       ||     8
       Morningstar       |       |       |   242 |    15 ||   257
Evoke: Wand              |       |     3 |     2 |     1 ||     6
  Use: Scroll            |     6 |     6 |    10 |       ||    22
       Potion            |       |       |     2 |     1 ||     3
 Stab: Sleeping          |    14 |     1 |     4 |       ||    19
Armor: Robe              |    14 |     7 |       |       ||    21
       Scale mail        |       |   114 |   230 |     3 ||   347
Dodge: Dodged            |   118 |   280 |   456 |    12 ||   866
